Map: Dead of Night

Players

NamroodTuo

  • Race: Terran Terran

ZimZo

  • Race: Zerg Zerg

VOD

Have the link to the VOD?

Description

Time

  • Played on: June 17, 2023, 12:56 p.m.
  • Length: 28:04
Show
View Real Time Build Order
Export as new Build Order

NamroodTuo Terran 

Build Orders:  

Get SALT Encoding   

  12  0:03  SCV  
  13  0:20  SCV  
  14  0:37  SCV  
  14  0:38  Refinery  
  15  0:46  Refinery  
  15  0:54  SCV  
  15  0:58  Refinery  
  16  1:11  SCV  
  17  1:30  SCV  
  18  1:42  Engineering Bay  
  18  1:47  SCV  
  19  2:04  SCV  
  19  2:05  Engineering Bay  
  20  2:21  SCV  
  20  2:27  Outlaw Weapons Level 1  
  21  2:38  SCV  
  22  2:50  Outlaw Life and Armor Level 1  
  22  2:55  SCV  
  23  3:01  Tychus  
  23  3:30  Auto-Turret  
  23  3:47  Fixers Safehouse  
  23  3:58  Gunslingers Hideout  
  23  4:11  Auto-Turret  
  23  4:33  SCV  
  23  4:37  Auto-Turret  
  24  5:01  Auto-Turret  
  24  5:13  Outlaw Weapons Level 2  
  24  5:55  Outlaw Life and Armor Level 2  
  24  5:56  Auto-Turret  
  24  5:58  SCV  
  25  6:15  SCV  
  26  6:32  SCV  
  27  6:49  SCV  
  28  7:06  SCV  
  28  7:09  James Sirius Sykes  
  39  7:33  SCV  
  40  7:50  SCV  
  41  8:07  SCV  
  42  8:24  SCV  
  42  8:27  Outlaw Weapons Level 3  
  43  8:30  Outlaw Life and Armor Level 3  
  43  8:41  SCV  
  44  8:58  SCV  
  45  9:10  Auto-Turret  
  45  9:15  SCV  
  46  9:32  SCV  
  46  9:37  Auto-Turret  
  47  9:56  SCV  
  48  10:05  Auto-Turret  
  48  10:13  SCV  
  49  10:30  SCV  
  50  10:47  SCV  
  51  11:04  SCV  
  51  11:07  Endurance Supplements  
  52  11:10  ITC-E Triggers  
  52  11:17  Vega  
  62  11:46  Auto-Turret  
  62  12:45  SCV  
  63  12:53  Outlaw Weapons Level 4  
  63  12:55  Muscle Armory, Outlaw Life and Armor Level 4  
  63  13:06  Auto-Turret  
  63  14:05  Medivac Platform  
  52  14:57  Auto-Turret  
  52  15:25  Auto-Turret  
  62  15:54  Auto-Turret  
  62  15:55  Flashforce GDM Visor  
  62  15:58  Kev Rattlesnake West, Crooked Sam  
  82  16:26  Auto-Turret  
  80  17:25  Auto-Turret  
  80  17:34  Auto-Turret  
  80  17:57  Auto-Turret  
  80  18:24  Auto-Turret  
  80  18:50  Auto-Turret  
  80  18:55  Auto-Turret  
  67  19:22  Auto-Turret  
  67  19:25  Auto-Turret  
  47  19:42  SCV  
  45  19:59  SCV  
  45  20:16  SCV  
  46  20:33  SCV  
  43  20:50  SCV  
  41  21:07  SCV  
  42  21:16  Outlaw Weapons Level 5  
  42  21:23  SCV  
  42  21:26  SA-55 Thunderbolt Missiles  
  42  21:27  Moebius M34 Terror Rounds  
  43  21:40  SCV  
  44  21:57  SCV  
  45  22:14  SCV  
  6  22:52  SCV  
  7  23:09  SCV  
  8  23:26  SCV  
  9  23:43  SCV  
  10  24:00  SCV  
  11  24:17  SCV  
  22  24:33  SCV  
  33  25:04  SCV  
  34  25:21  SCV  
  53  25:50  SCV  
  53  25:58  Auto-Turret  
  54  26:07  SCV  
  55  26:24  SCV  
  56  26:41  SCV  
  54  27:00  SCV  
  55  27:17  SCV  
  56  27:34  SCV  
Show
View Real Time Build Order
Export as new Build Order

ZimZo Zerg 

Build Orders:  

Get SALT Encoding   

  18  0:04  Primal Drone  
  19  0:12  Primal Drone  
  19  0:18  Primal Drone  
  21  0:26  Primal Drone  
  22  0:34  Primal Drone  
  23  0:40  Extractor  
  23  0:51  Primal Drone  
  23  0:54  Extractor  
  24  1:16  Primal Drone  
  25  1:29  Primal Drone  
  27  1:30  Primal Warden  
  27  2:10  Primal Drone x3  
  30  2:31  Primal Drone  
  30  2:32  Primal Attacks Level 1  
  31  2:48  Primal Zergling x2, Primal Warden  
  34  3:04  Primal Zergling  
  33  3:37  Primal Warden  
  34  3:48  Primal Drone  
  34  3:49  Primal Drone x4  
  39  3:52  Glevig's Den  
  39  3:54  Primal Zergling x2  
  40  4:05  Primal Drone  
  41  4:18  Extractor  
  41  4:24  Primal Drone  
  42  4:40  Primal Drone  
  42  4:46  Primal Zergling  
  42  4:47  Primal Zergling x4  
  47  5:12  Primal Carapace Level 1  
  47  5:14  Primal Drone  
  47  5:15  Primal Drone  
  47  5:18  Primal Zergling x3  
  52  5:20  Primal Zergling  
  52  5:21  Primal Zergling x5  
  59  5:43  Primal Wurm  
  60  6:11  Primal Wurm, Primal Drone x3  
  63  6:20  Muscular Augments  
  63  6:22  Primal Hydralisk  
  63  6:24  Primal Hydralisk  
  67  6:33  Primal Drone x2  
  67  6:39  Ravasaur x4  
  67  6:50  Primal Drone  
  68  7:08  Murvar's Den  
  65  7:54  Primal Hydralisk x4  
  65  7:55  Primal Hydralisk x5  
  65  7:56  Primal Zergling  
  83  8:32  Primal Attacks Level 2  
  82  8:50  Primal Hydralisk x4  
  82  8:52  Primal Zergling x2  
  73  10:04  Primal Hydralisk  
  73  10:05  Primal Hydralisk x5  
  73  10:06  Primal Hydralisk  
  73  10:07  Primal Roach x3  
  73  10:08  Primal Roach x2  
  85  11:42  Primal Carapace Level 2  
  79  12:00  Primal Drone x4  
  79  12:01  Primal Drone  
  82  12:15  Primal Hydralisk x2  
  82  12:16  Primal Hydralisk x4  
  82  12:17  Primal Hydralisk x5  
  82  12:18  Primal Hydralisk x4  
  110  12:35  Dakrun's Den, Primal Drone  
  110  12:36  Primal Drone  
  111  13:09  Primal Wurm  
  112  13:14  Primal Drone  
  112  13:17  Primal Drone  
  108  13:53  Primal Drone x3  
  108  13:57  Primal Wurm  
  104  14:31  Primal Hydralisk x4  
  104  14:32  Primal Hydralisk  
  104  14:34  Primal Zergling  
  115  14:42  Brutal Charge  
  115  14:51  Primal Attacks Level 3  
  111  15:42  Healing Adaptation  
  101  16:21  Primal Drone x4  
  101  16:22  Primal Drone  
  94  17:26  Primal Drone x3  
  94  17:27  Primal Drone  
  97  17:46  Primal Drone  
  97  17:47  Primal Hydralisk  
  97  17:48  Primal Hydralisk x4  
  97  17:49  Primal Hydralisk x2  
  112  17:51  Primal Hydralisk x3  
  116  18:31  Primal Carapace Level 3  
  112  18:54  Extractor  
  112  18:55  Primal Drone x2  
  112  18:56  Primal Drone x2  
  116  19:09  Primal Wurm  
  112  19:12  Primal Wurm  
  112  19:14  Primal Wurm  
  112  19:16  Primal Wurm, Primal Drone  
  115  19:20  Primal Wurm  
  115  19:22  Primal Wurm  
  108  20:36  Dakrun's Den  
  35  22:13  Primal Hydralisk  
  35  22:14  Primal Hydralisk x5  
  35  22:15  Primal Hydralisk x3  
  35  22:17  Primal Zergling x4  
  35  22:18  Primal Zergling x2  
  54  22:32  Primal Drone x2  
  54  22:33  Primal Drone x3  
  54  22:37  Extractor  
  54  22:39  Extractor  
  58  22:42  Extractor  
  52  23:10  Primal Drone x2  
  33  23:52  Primal Drone  
  33  23:53  Primal Drone x2  
  33  24:48  Primal Hydralisk x4  
  33  24:49  Primal Ultralisk  
  39  24:51  Primal Zergling x5  
  28  26:06  Primal Hydralisk x2  
  28  26:07  Primal Hydralisk x2  
  36  26:14  Primal Drone  
  33  26:50  Primal Drone  
Tags
 
Commander
DehakaTychus
Matchup
Co-op
Replay Pack
Multiplayer
Add a new tag
Caveats
  • Supply blocks, unpowered buildings, or Contaminate may cause inaccurate times.
  • Supply counts are checked every 10 seconds.